 Dungeon Crawl Stone Soup version 0.26-a0-1164-g1a551d6a14 (webtiles) character file.

Game seed: 1349951554517357630

156587 sanka the Imperceptible (level 17, 0/89 HPs)
             Began as a Spriggan Enchanter on Dec 23, 2020.
             Was the Champion of Ru.
             Killed from afar by Aizul (37 damage)
             ... with a poison arrow
             ... on level 2 of the Snake Pit.
             The game lasted 01:36:34 (42772 turns).

sanka the Imperceptible (Spriggan Enchanter)       Turns: 42772, Time: 01:36:35

Health: 0/89       AC:  8    Str:  4    XL:     17   Next: 10%
Magic:  0/32       EV: 33    Int: 19    God:    Ru [******]
Gold:   1701       SH:  8    Dex: 21    Spells: 9/36 levels left

rFire    + . .     SeeInvis +   a - +0 dagger (elec)
rCold    + . .     Faith    .   (shield unavailable)
rNeg     + . .     Spirit   +   t - +1 robe {rC+}
rPois    .         Reflect  .   B - +2 hat of the Bear Spirit {Spirit, +Rage rN+ Will++}
rElec    .         Harm     .   H - +2 cloak
rCorr    .         Rampage  .   (gloves unavailable)
Will     ++++.                  (boots unavailable)
Stlth    ++++++++++             K - brooch of Shielding {Spirit SH+8}
HPRegen  0.24/turn              (ring unavailable)
MPRegen  0.23/turn              D - ring of protection from fire

@: lethally poisoned (0 -> -24), confusing touch, studying Maces & Flails, very
quick
A: very small, unfitting armour, see invisible, speed 3, missing a hand,
inability to use devices, inability to train armour
a: Renounce Religion, Draw Out Power, Power Leap, Apocalypse


You were on level 2 of the Snake Pit.
You worshipped Ru.
Ru was exalted by your worship.
You visited 4 branches of the dungeon, and saw 26 of its levels.
You also visited: Ice Cave.

You collected 3037 gold pieces.
You spent 1336 gold pieces at shops.


Innate Abilities, Weirdness & Mutations

You are very small and have problems with some larger weapons.
You are too small for most types of armour.
You have supernaturally acute eyesight. (SInv)
You cover ground extremely quickly.
You are missing a hand.
You cannot study or use magical devices.
You cannot train Armour skill.


   Skills:
 - Level 10.0 Fighting
 - Level 10.0 Short Blades
 - Level 15.0 Dodging
 + Level 26.9 Stealth
 - Level 10.0 Spellcasting
 - Level 2.0 Conjurations
 - Level 16.0 Hexes
 - Level 2.0 Ice Magic
 - Level 2.0 Air Magic


You had 9 spell levels left.
You knew the following spells:

 Your Spells              Type           Power        Failure   Level
j - Invisibility          Hex            63%          1%          6
x - Tukima's Dance        Hex            63%          1%          3
y - Dazzling Flash        Conj/Hex       86%          1%          3
z - Ensorcelled Hibernat  Hex/Ice        86%          1%          2
G - Silence               Hex/Air        21%          4%          5
Q - Cause Fear            Hex            31%          1%          4
X - Confusing Touch       Hex            63%          1%          3
Z - Corona                Hex            70%          0%          1

Your spell library contained the following spells:

 Spells                   Type           Power        Failure   Level
 Slow                     Hex            63%          0%          2
 Inner Flame              Hex/Fire       39%          1%          3
 Summon Guardian Golem    Hex/Summ       39%          1%          3
 Freeze                   Ice            68%          3%          1
 Magic Dart               Conj           68%          3%          1
 Foxfire                  Conj/Fire      52%          4%          1
 Metabolic Englaciation   Hex/Ice        21%          4%          5
 Animate Skeleton         Necr           18%          8%          1
 Apportation              Tloc           18%          8%          1
 Pain                     Necr           36%          8%          1
 Summon Small Mammal      Summ           36%          8%          1
 Yara's Violent Unravell  Hex/Tmut       19%          8%          5
 Frozen Ramparts          Ice            34%          10%         3
 Ozocubu's Armour         Ice            17%          10%         3
 Blink                    Tloc           N/A          11%         2
 Call Imp                 Summ           9%           11%         2
 Sublimation of Blood     Necr           4%           11%         2
 Mephitic Cloud           Conj/Pois/Air  14%          13%         3
 Conjure Flame            Conj/Fire      13%          14%         3
 Call Canine Familiar     Summ           9%           22%         3
 Ignite Poison            Fire/Tmut/Pois 9%           22%         3
 Lesser Beckoning         Tloc           4%           22%         3
 Vampiric Draining        Necr           4%           22%         3
 Hailstorm                Conj/Ice       17%          32%         4
 Ice Form                 Ice/Tmut       13%          43%         4
 Sticky Flame             Conj/Fire      13%          43%         4
 Summon Ice Beast         Ice/Summ       13%          43%         4
 Summon Lightning Spire   Summ/Air       13%          43%         4
 Discord                  Hex            31%          56%         8
 Animate Dead             Necr           4%           58%         4
 Petrify                  Tmut/Erth      9%           58%         4
 Fireball                 Conj/Fire      6%           80%         5
 Irradiate                Conj/Tmut      6%           80%         5
 Agony                    Necr           9%           90%         5
 Alistair's Intoxication  Tmut/Pois      6%           90%         5
 Borgnjor's Vile Clutch   Necr/Erth      4%           90%         5
 Freezing Cloud           Conj/Ice/Air   8%           99%         6
 Ozocubu's Refrigeration  Ice            8%           99%         6
 Eringya's Noxious Bog    Tmut/Pois      4%           100%        6
 Shadow Creatures         Summ           N/A          100%        6
 Simulacrum               Ice/Necr       6%           100%        6

Inventory:

Hand Weapons
 a - a +0 dagger of electrocution (weapon)
 b - a +2 demon whip of venom
 p - the +3 rapier "Death Rattle" {flame, rF++ Will+ Dex-4}

   It has been specially enchanted to burn those struck by it, causing extra
   injury to most foes and up to half again as much damage against particularly
   susceptible opponents.
   It affects your dexterity (-4).
   It greatly protects you from fire.
   It affects your willpower, your defense against some magical effects.
Missiles
 j - 7 curare-tipped darts {=f}
 G - a throwing net {=f}
Armour
 t - a +1 robe of cold resistance (worn)
 B - the +2 hat of the Bear Spirit (worn) {Spirit, +Rage rN+ Will++}

   It protects you from negative energy.
   It affects your willpower, your defense against some magical effects.
   It lets you go berserk.
 H - a +2 cloak (worn)
Jewellery
 x - an uncursed amulet of guardian spirit {unknown}
 C - an uncursed ring of protection from cold
 D - a ring of protection from fire (right hand)
 K - the brooch of Shielding (around neck) {Spirit SH+8}

   [amulet of guardian spirit]

   It causes incoming damage to be split between your health and magic.
   It affects your SH (+8).
 M - the ring "Moaxti Zugui" {*Tele rF++ Will+ Stlth+}

   [ring of teleportation]

   It may teleport you next to monsters.
   It greatly protects you from fire.
   It affects your willpower, your defense against some magical effects.
   It makes you more stealthy.
Scrolls
 d - 4 scrolls of enchant weapon
 g - 8 scrolls of blinking
 h - 9 scrolls of teleportation {@r4}
 i - 3 scrolls of magic mapping
 w - 4 scrolls of enchant armour
 y - 10 scrolls of remove curse
 z - 5 scrolls of amnesia
 A - 2 scrolls of fog
 E - 4 scrolls of immolation {!r}
 I - 3 scrolls of fear
 J - a scroll of silence {!r}
 L - a scroll of torment {!r}
 N - a scroll of identify {@r1}
Potions
 c - 2 potions of magic
 e - 4 potions of brilliance
 f - 3 potions of haste {@q3}
 k - 4 potions of ambrosia
 l - 3 potions of flight
 m - 12 potions of curing {@q1}
 n - 4 potions of lignification {!q}
 o - 5 potions of heal wounds {@q2}
 q - a potion of mutation {!q}
 s - 4 potions of cancellation
 u - 3 potions of invisibility
 v - 3 potions of resistance {!q}
 O - 5 potions of might
 P - 2 potions of berserk rage {!q}
Books
 F - a manual of Maces & Flails

Dungeon Overview and Level Annotations

Branches:
Dungeon (15/15)            Temple (0/1) D:4            Lair (6/6) D:10
 Shoals (0/4) Lair:3        Snake (3/4) Lair:3        Slime (0/5) Lair:6
    Orc (2/2) D:12            Elf (0/3) Orc:2        Vaults (0/5) D:13
 Depths (0/5) D:15          IceCv (visited)

Altars:
Ashenzari
Cheibriados
Elyvilon
Fedhas
Gozag
Hepliaklqana
Nemelex Xobeh
Okawaru
Ru
Sif Muna
Trog
Vehumet
Wu Jian
Yredelemnul
The Shining One
Beogh
Jiyva

Shops:
D:14 (   D:15 ((   Orc:2 ([:*   Snake:1 *   Snake:2 [=

Portals:
Abyss: Lair:2
Trove: D:13 (give 5 potions of resistance)

Annotations:
Snake:2 Aizul

▒▒.....!....▒
▒.......▒..▒
▒.......▒▒.▒
▒.<........▒
▒..........▒
▒..........▒
▒..........▒
▒......S..▒▒
▒.....i...▒
▒▒.....<...▒▒ ▒▒▒▒
▒...........▒ ...▒
▒..........▒▒ ▒▒.▒
▒..........▒
..[▒▒▒▒▒▒▒..........▒
▒▒)[[.).............▒
▒.▒▒▒▒▒▒▒..........▒
▒.▒ ▒▒..▒▒.....▒


You could see Aizul.


Message History

The black mamba hisses angrily.
Aizul coils herself and waves her upper body at you.
The bolt of poison hits you!!!
You are poisoned.
You climb upwards.
You feel very sick.
There is a stone staircase leading down here.
You completely miss Aizul.
You feel sick. You block Aizul's attack.
You hit Aizul but do no damage.
You feel sick. Aizul casts a spell at you. The poison arrow hits you!!
You are more poisoned.
* * * LOW HITPOINT WARNING * * *
Unknown command.
Aizul closely misses you.
Unknown command.
You hit Aizul but do no damage.
Aizul coils herself and waves her upper body at you.
The bolt of poison hits you!!
You are poisoned.
* * * LOW HITPOINT WARNING * * *
Unknown command.
You feel sick.
Aizul coils herself and waves her upper body at you.
The poison arrow hits you!!!
You are more poisoned.
You die...

Action                   |  1- 3 |  4- 6 |  7- 9 | 10-12 | 13-15 | 16-18 || total
-------------------------+-------+-------+-------+-------+-------+-------++-------
Melee: Dagger            |   106 |    81 |   277 |   289 |  1025 |   479 ||  2257
       Demon whip        |       |       |       |       |     6 |       ||     6
 Cast: Corona            |    11 |       |       |       |     1 |       ||    12
       Ensorcelled Hiber |    25 |    55 |   114 |   182 |   256 |   128 ||   760
       Confusing Touch   |       |     1 |    27 |    15 |    30 |    29 ||   102
       Invisibility      |       |       |       |     1 |    21 |     5 ||    27
       Dazzling Flash    |       |       |       |       |     5 |     1 ||     6
Invok: Sacrifice Durabil |       |     1 |       |       |       |       ||     1
       Sacrifice a Hand  |       |       |     1 |       |       |       ||     1
       Sacrifice Artific |       |       |     1 |       |       |       ||     1
       Apocalypse        |       |       |       |     1 |     2 |     4 ||     7
  Use: Scroll            |       |       |     9 |     4 |     9 |     7 ||    29
       Potion            |       |       |       |     7 |       |     3 ||    10
 Stab: Sleeping          |    25 |    48 |    83 |   125 |   210 |    56 ||   547
       Distracted        |     1 |     1 |     3 |     8 |    11 |    13 ||    37
       Confused          |       |       |    14 |    13 |    30 |    27 ||    84
       Invisible         |       |       |     4 |    13 |   161 |    42 ||   220
       Paralysed         |       |       |       |     2 |     2 |     7 ||    11
Armor: Robe              |     9 |     8 |     7 |    13 |    29 |    18 ||    84
       Skin              |       |       |       |     7 |       |       ||     7
Dodge: Dodged            |    80 |    60 |   201 |   232 |   538 |   320 ||  1431
Block: Other             |       |       |       |    43 |   225 |   115 ||   383

Levels and vault maps discovered:
D:1:      minmay_arrival_four_houses, layout_basic
D:2:      layout_basic, hangedman_ru_absence, lemuel_crystal_altar,
          hangedman_glass_teeth, minmay_misc_feat_rows, uniq_terence,
          uniq_crazy_yiuf_cottage
D:3:      layout_basic, serial_glass, glass_columns_a, glass_columns_b,
          glass_columns_a, glass_columns_a, glass_columns_b, glass_columns_b,
          glass_columns_a, glass_columns_b, uniq_jessica
D:4:      wad_woods_pond, layout_loops_corners, kennysheep_mini,
          minmay_temple_entry_overgrown, elyvilon_altar_5
D:5:      layout_cave_pools, fedhas_ov_isle_minmay, kennysheep_another_room,
          chequers_serial_rivers_micro_b,
          nicolae_gozag_cash_rules_everything_around_me, uniq_prince_ribbit1,
          uniq_edmund
D:6:      layout_cave_pools, general_overflow_altar,
          chequers_temple_overflow_minitemple, serial_gnoll_camp,
          gnoll_camp_mini_hut, gnoll_camp_mini_sergeant, gnoll_camp_mini_basic,
          gnoll_camp_mini_basic, gnoll_camp_mini_house, solitary_fountain
D:7:      layout_basic, minmay_crossroads
D:8:      layout_basic, lemuel_coloured_pillars_altar
D:9:      kennysheep_big_flooded_room, layout_cave_pools
D:10:     minmay_the_grid_triangle_9x9_rhombus_full
          [minmay_the_grid_triangle_9x9_descending_squares,
          minmay_the_grid_triangle_9x9_swiss_cheese,
          minmay_the_grid_triangle_9x9_thin_v,
          minmay_the_grid_triangle_9x9_limited_checkers,
          minmay_the_grid_triangle_9x9_checkered,
          minmay_the_grid_triangle_9x9_tough_junction,
          minmay_the_grid_triangle_9x9_dagger,
          minmay_the_grid_triangle_9x9_prize_top_heavy], layout_long_grid,
          erik_lair_dragon, basic_altar, uniq_maurice
D:11:     layout_loops_cross
D:12:     nzn_winding_woodlands_three_and_one
          [nzn_winding_woodlands_5x15_longhouse,
          nzn_winding_woodlands_5x15_parted,
          nzn_winding_woodlands_5x15_lazy_stream,
          nzn_winding_woodlands_center_lodge], layout_rooms, david_orc_4,
          basic_altar, uniq_rupert
D:13:     layout_stronghold, ximxim_vaults_locker_room,
          nicolae_trove_entry_free_sample, kennysheep_generic_room_6
D:14:     layout_basic, serial_shops, nicolae_shop_statue_plus,
          portal_ice_cave_entry_pillars_1, kennysheep_just_a_vault
D:15:     gammafunk_depths_entry_grave, layout_basic, serial_shops, shop,
          nicolae_shop_statue_plus, basic_altar, serial_bayou_shore_a,
          nemelex_xobeh_ov_fountains_minmay, uniq_louise
Lair:1:   layout_cave_pods, grunt_megastairs_3, lemuel_fruit_fields,
          infiniplex_staircase_pool
Lair:2:   gammafunk_lair_enchanted_lake, layout_cave_pods, serial_forest,
          infiniplex_forest_lined_2, infiniplex_forest_zigzag_2,
          infiniplex_forest_end_2, infiniplex_forest_straight_3,
          infiniplex_forest_straight_1, infiniplex_forest_straight_4,
          infiniplex_forest_zigzag_1, infiniplex_forest_zigzag_1,
          infiniplex_forest_corner_2, gammafunk_ghost_abyssal_escape,
          chequers_serial_rivers_room_a
Lair:3:   layout_chaotic_city, elwin_shoals_entry_stream,
          guppyfry_snake_entry_island
Lair:4:   layout_cave_pods
Lair:5:   layout_roguey, serial_bayou_lagoon_b, grunt_megastairs_4,
          infiniplex_staircase_pool_2, uniq_sonja, uniq_josephine
Lair:6:   evilmike_catoblepas_cave, layout_misc_corridors, slime_altar_2,
          ebering_ghost_disaster_area, basic_altar, lemuel_fruit_tree
Snake:1:  gammafunk_sealed_library, layout_basic, serial_shops, shop,
          serial_bayou_shore_b
Snake:2:  layout_cave_shapes, minmay_shop_enchanted_jewellery,
          serial_bayou_shore_b, minmay_shop_star
Snake:3:  layout_onion, uniq_aizul
Orc:1:    layout_caves, mines2_david
Orc:2:    grunt_orc_cross, layout_diamond_mine, basic_altar

Notes
Turn   | Place    | Note
-------+----------+-------------------------------------------
     0 | D:1      | sanka the Spriggan Enchanter began the quest for the Orb.
     0 | D:1      | Reached XP level 1. HP: 9/9 MP: 5/5
   234 | D:1      | Reached skill level 5 in Stealth
   276 | D:1      | Reached XP level 2. HP: 10/13 MP: 4/6
   455 | D:1      | Learned a level 2 spell: Ensorcelled Hibernation
   771 | D:1      | Reached skill level 6 in Stealth
  1351 | D:1      | Reached XP level 3. HP: 16/16 MP: 8/8
  1837 | D:2      | Reached skill level 7 in Stealth
  2105 | D:2      | Noticed Terence
  2112 | D:2      | Killed Terence
  2113 | D:2      | Reached XP level 4. HP: 21/21 MP: 6/9
  2143 | D:2      | Found a shimmering blue altar of Sif Muna.
  2201 | D:2      | Found a sacrificial altar of Ru.
  2250 | D:2      | Became a worshipper of Ru the Awakened
  2589 | D:2      | Reached skill level 8 in Stealth
  2836 | D:2      | Learned a level 3 spell: Confusing Touch
  3031 | D:2      | Found a runed translucent door.
  3032 | D:2      | Noticed Crazy Yiuf
  3039 | D:2      | Killed Crazy Yiuf
  3040 | D:2      | Reached skill level 2 in Short Blades
  3395 | D:3      | Reached XP level 5. HP: 24/24 MP: 7/10
  3440 | D:3      | Noticed Jessica
  3441 | D:3      | Reached skill level 3 in Short Blades
  3706 | D:3      | Killed Jessica
  3792 | D:3      | Reached skill level 4 in Short Blades
  3835 | D:3      | Gained mutation: You cannot train Armour skill. [Ru
                  | sacrifice]
  3835 | D:3      | Reached * piety under Ru
  4593 | D:4      | Found a white marble altar of Elyvilon.
  4658 | D:4      | Learned a level 3 spell: Dazzling Flash
  4749 | D:4      | Reached XP level 6. HP: 12/28 MP: 6/11
  5011 | D:4      | Reached skill level 5 in Short Blades
  5026 | D:4      | Found a staircase to the Ecumenical Temple.
  5195 | D:4      | Reached skill level 3 in Spellcasting
  5425 | D:4      | Found a sparkling altar of Nemelex Xobeh.
  5729 | D:5      | Entered Level 5 of the Dungeon
  5731 | D:5      | Reached skill level 1 in Conjurations
  6016 | D:5      | Reached skill level 4 in Hexes
  6489 | D:5      | Reached skill level 1 in Ice Magic
  6664 | D:5      | Noticed an ice beast
  6696 | D:4      | Reached XP level 7. HP: 32/32 MP: 5/12
  6816 | D:5      | Reached skill level 2 in Conjurations
  6816 | D:5      | Reached skill level 5 in Hexes
  7032 | D:5      | Noticed Prince Ribbit
  7214 | D:4      | Killed Prince Ribbit
  7215 | D:4      | Reached skill level 6 in Hexes
  7215 | D:4      | Reached skill level 2 in Ice Magic
  7561 | D:5      | Gained mutation: You are missing a hand. [Ru sacrifice]
  7561 | D:5      | Reached ** piety under Ru
  7561 | D:5      | Reached *** piety under Ru
  7561 | D:5      | Reached **** piety under Ru
  7574 | D:5      | Found an opulent altar of Gozag.
  7797 | D:5      | Reached skill level 7 in Hexes
  7804 | D:5      | Reached XP level 8. HP: 29/36 MP: 3/13
  8006 | D:5      | Found a blossoming altar of Fedhas.
  8038 | D:5      | Noticed Edmund
  8047 | D:5      | Killed Edmund
  8048 | D:5      | Reached skill level 8 in Hexes
  8127 | D:5      | Reached skill level 1 in Fighting
  8496 | D:5      | Reached skill level 4 in Dodging
  8914 | D:6      | Reached skill level 2 in Fighting
  8914 | D:6      | Reached skill level 5 in Dodging
  9326 | D:5      | Reached skill level 6 in Dodging
  9450 | D:6      | Reached skill level 3 in Fighting
  9619 | D:6      | Reached skill level 7 in Dodging
  9939 | D:6      | Found a hazy altar of Hepliaklqana.
  9939 | D:6      | Found a radiant altar of Vehumet.
  9944 | D:6      | Found a broken altar of Ashenzari.
  9946 | D:6      | Found a snail-covered altar of Cheibriados.
  9948 | D:6      | Found a glowing golden altar of the Shining One.
  9986 | D:6      | Found a basalt altar of Yredelemnul.
 10077 | D:6      | Reached skill level 8 in Dodging
 10172 | D:6      | Reached XP level 9. HP: 44/44 MP: 11/14
 10304 | D:6      | Reached skill level 9 in Stealth
 10637 | D:6      | Reached skill level 10 in Stealth
 10768 | D:7      | Reached skill level 11 in Stealth
 10890 | D:7      | Gained mutation: You cannot study or use magical devices.
                  | [Ru sacrifice]
 10890 | D:7      | Reached ***** piety under Ru
 10890 | D:7      | Reached ****** piety under Ru
 11051 | D:7      | Learned a level 3 spell: Tukima's Dance
 11317 | D:7      | Reached skill level 12 in Stealth
 11400 | D:7      | Identified the ring of the Coward {+Blink rC- rN+ MP+9
                  | Stlth+}
 11407 | D:7      | Reached skill level 6 in Short Blades
 11704 | D:7      | Reached skill level 7 in Short Blades
 12396 | D:8      | Reached skill level 8 in Short Blades
 13151 | D:8      | Reached XP level 10. HP: 49/49 MP: 9/15
 13708 | D:8      | Found an ornate altar of the Wu Jian Council.
 13742 | D:9      | Noticed an unseen horror
 13747 | D:8      | Killed an unseen horror
 14097 | D:9      | Reached skill level 4 in Spellcasting
 14279 | D:9      | HP: 3/49 [centaur/arrow (9)]
 14776 | D:9      | Reached skill level 9 in Dodging
 14976 | D:9      | Identified the +1 chain mail "Vintiw" {-Cast Harm rElec
                  | Stlth+}
 15135 | D:9      | Reached skill level 4 in Fighting
 15447 | D:10     | Entered Level 10 of the Dungeon
 16037 | D:10     | Reached skill level 5 in Spellcasting
 16037 | D:10     | Reached skill level 9 in Hexes
 16053 | D:10     | Reached skill level 13 in Stealth
 16073 | D:10     | Reached skill level 9 in Short Blades
 16084 | D:10     | Found a staircase to the Lair.
 16253 | D:10     | Reached XP level 11. HP: 54/54 MP: 20/20
 16409 | D:10     | Noticed Maurice
 16414 | D:10     | Killed Maurice
 16545 | D:10     | Identified the +6 rapier "Nefirgh" {drain, *Noise Str+8
                  | Dex+5}
 16596 | D:10     | Found a runed translucent door.
 16596 | D:10     | Found a runed translucent door.
 16599 | D:10     | Found the brooch of Shielding {Spirit SH+8}
 16653 | D:10     | Reached skill level 10 in Dodging
 16728 | D:10     | Reached skill level 6 in Spellcasting
 16795 | D:10     | Got a wavering copper amulet
 16817 | D:10     | Identified the amulet "Ubootuoh" {Faith Stlth+} (You found
                  | it on level 10 of the Dungeon)
 16995 | D:10     | Found an iron altar of Okawaru.
 17261 | D:11     | Noticed a two-headed ogre
 17262 | D:11     | Noticed a purple ugly thing
 17265 | D:11     | Killed a two-headed ogre
 17271 | D:11     | Killed a purple ugly thing
 17272 | D:11     | Reached skill level 5 in Fighting
 17513 | D:11     | Learned a level 6 spell: Invisibility
 17724 | D:11     | Reached skill level 10 in Hexes
 17866 | D:11     | Noticed a white ugly thing
 17868 | D:11     | Noticed a seven-headed hydra
 17869 | D:11     | Killed a white ugly thing
 17878 | D:11     | Killed a seven-headed hydra
 17879 | D:11     | Reached skill level 11 in Hexes
 18292 | Lair:1   | Entered Level 1 of the Lair of Beasts
 18365 | Lair:1   | Reached skill level 12 in Hexes
 18497 | Lair:1   | Reached XP level 12. HP: 60/60 MP: 15/22
 18795 | Lair:1   | Reached skill level 13 in Hexes
 18934 | Lair:1   | Noticed a five-headed hydra
 19141 | Lair:1   | Killed a five-headed hydra
 19395 | Lair:2   | Noticed a four-headed hydra
 19427 | Lair:1   | Killed a four-headed hydra
 19428 | Lair:1   | Reached skill level 14 in Hexes
 19577 | Lair:2   | Identified a scroll of acquirement
 19784 | Lair:2   | Got a steaming marble ring
 19802 | Lair:2   | Identified the ring "Moaxti Zugui" {*Tele rF++ Will+
                  | Stlth+} (You found it on level 2 of the Lair of Beasts)
 19965 | Lair:2   | Found a one-way gate to the infinite horrors of the Abyss.
 19965 | Lair:2   | Noticed Ymada's ghost (journeyman TeAE)
 19987 | Lair:2   | Found a transporter.
 19987 | Lair:2   | Found a transporter.
 20083 | Lair:2   | Noticed a hell hog
 20165 | Lair:2   | Reached skill level 15 in Hexes
 20192 | Lair:2   | Reached skill level 14 in Stealth
 20524 | Lair:2   | Noticed a dire elephant
 20525 | Lair:2   | Found the +7 great mace "Firestarter" {inner flame, rF++}
 20546 | Lair:2   | Found a runed translucent door.
 21053 | Lair:2   | Reached skill level 10 in Short Blades
 21053 | Lair:2   | Reached skill level 11 in Dodging
 21143 | Lair:2   | Killed a dire elephant
 21425 | Lair:2   | Killed a hell hog
 21426 | Lair:2   | Reached skill level 7 in Spellcasting
 21435 | Lair:2   | Reached XP level 13. HP: 64/64 MP: 21/24
 21438 | Lair:2   | Killed Ymada's ghost
 21694 | Lair:3   | Found a staircase to the Snake Pit.
 21858 | Lair:3   | Found a staircase to the Shoals.
 22005 | Lair:3   | Reached skill level 6 in Fighting
 22663 | Lair:4   | Reached skill level 15 in Stealth
 22707 | Lair:4   | Reached skill level 8 in Spellcasting
 22709 | Lair:4   | Reached skill level 12 in Dodging
 22848 | Lair:4   | Got a steaming scimitar
 22849 | Lair:4   | Identified the +5 scimitar of Pinner {flame, Dex+3} (You
                  | found it on level 4 of the Lair of Beasts)
 23290 | Lair:4   | Reached skill level 16 in Hexes
 23298 | Lair:4   | Reached skill level 9 in Spellcasting
 23925 | Lair:5   | Reached skill level 13 in Dodging
 24038 | Lair:5   | Reached skill level 10 in Spellcasting
 24048 | Lair:5   | Reached skill level 14 in Dodging
 24186 | Lair:5   | Noticed Josephine
 24578 | Lair:5   | Noticed Sonja
 24582 | Lair:5   | Killed Sonja
 24593 | Lair:5   | Killed Josephine
 24594 | Lair:5   | Reached XP level 14. HP: 67/70 MP: 26/29
 24933 | Lair:5   | Reached skill level 15 in Dodging
 25585 | Lair:6   | Entered Level 6 of the Lair of Beasts
 25630 | Lair:6   | Found a sacrificial altar of Ru.
 25883 | Lair:6   | Reached skill level 16 in Stealth
 25983 | Lair:6   | Reached skill level 7 in Fighting
 26325 | Lair:6   | Reached skill level 17 in Stealth
 26544 | Lair:6   | Reached skill level 8 in Fighting
 26737 | Lair:6   | Found a runed translucent door.
 26737 | Lair:6   | Found a viscous altar of Jiyva.
 26737 | Lair:6   | Found a staircase to the Slime Pits.
 26883 | Lair:6   | Found a large runed translucent door.
 26883 | Lair:6   | Found a large runed translucent door.
 26884 | Lair:6   | Noticed rigao's ghost (journeyman PaFi)
 27087 | Lair:6   | Killed rigao's ghost
 27362 | D:12     | Reached skill level 18 in Stealth
 27395 | D:12     | Noticed Rupert
 27509 | D:12     | Killed Rupert
 27515 | D:12     | Reached skill level 9 in Fighting
 27840 | D:12     | Found an opulent altar of Gozag.
 27855 | D:12     | Reached XP level 15. HP: 77/79 MP: 26/30
 28224 | D:12     | Found a staircase to the Orcish Mines.
 28589 | D:12     | Found an opulent altar of Gozag.
 28861 | D:12     | Found a staircase to the Orcish Mines.
 29038 | Orc:1    | Entered Level 1 of the Orcish Mines
 29138 | Orc:1    | Found a roughly hewn altar of Beogh.
 29379 | Orc:2    | Entered Level 2 of the Orcish Mines
 29697 | Orc:2    | Found a roughly hewn altar of Beogh.
 29699 | Orc:2    | Noticed an orc warlord
 29883 | Orc:2    | Reached skill level 19 in Stealth
 30011 | Orc:2    | Found Ypniq's General Store.
 30020 | Orc:2    | Killed an orc warlord
 30324 | Orc:2    | Found Kasusa's Antique Armour Shop.
 30521 | Orc:2    | Found a staircase to the Elven Halls.
 30741 | Orc:2    | Found a roughly hewn altar of Beogh.
 31005 | Orc:2    | Found Plog's Antique Weapon Shop.
 31099 | Orc:2    | Found Uwaih's Book Shop.
 32037 | D:13     | Reached skill level 10 in Fighting
 32164 | D:13     | Reached skill level 20 in Stealth
 32344 | D:13     | Found a portal to a secret trove of treasure.
 32552 | Orc:2    | Bought a book of Hexes for 650 gold pieces
 32557 | Orc:2    | Learned a level 4 spell: Cause Fear
 32563 | Orc:2    | Learned a level 5 spell: Silence
 32909 | D:13     | Reached skill level 1 in Air Magic
 33091 | D:13     | Reached skill level 2 in Air Magic
 33125 | D:13     | Found a gate to the Vaults.
 33557 | Orc:2    | Bought a scroll of identify for 34 gold pieces
 33737 | D:14     | Reached skill level 21 in Stealth
 34085 | D:14     | Found Suynt's Antique Weapon Shoppe.
 34112 | D:14     | Found a frozen archway.
 34123 | IceCv    | Entered an ice cave
 34583 | IceCv    | Identified 3 potions of resistance
 34907 | D:14     | Reached skill level 22 in Stealth
 35193 | D:14     | Bought a crude rapier for 261 gold pieces
 35193 | D:14     | Identified the cursed +3 rapier "Death Rattle" {flame, rF++
                  | Will+ Dex-4} (You bought it in a shop on level 14 of the
                  | Dungeon)
 35196 | D:14     | Acquired the +2 hat of the Bear Spirit {Spirit, +Rage rN+
                  | Will++}
 35197 | D:14     | Found the +2 hat of the Bear Spirit {Spirit, +Rage rN+
                  | Will++}
 35231 | D:15     | Entered Level 15 of the Dungeon
 35287 | D:15     | Reached XP level 16. HP: 71/85 MP: 22/31
 35581 | D:15     | Found Qicwir's Weapon Shop.
 35744 | D:15     | Reached skill level 23 in Stealth
 35759 | D:15     | Found a staircase to the Depths.
 35808 | D:15     | Noticed Louise
 35988 | D:15     | Killed Louise
 36009 | D:15     | Found a bloodstained altar of Trog.
 36097 | D:15     | Found Vutzu's Antique Weapon Emporium.
 36359 | D:15     | Found a sparkling altar of Nemelex Xobeh.
 37130 | Snake:1  | Entered Level 1 of the Snake Pit
 37132 | Snake:1  | Found a transporter.
 37199 | Snake:1  | Reached skill level 24 in Stealth
 37355 | Snake:1  | Found a radiant altar of Vehumet.
 38695 | Snake:1  | Found Ginkewes's Assorted Antiques.
 38729 | Snake:1  | Bought a scroll of blinking for 262 gold pieces
 38729 | Snake:1  | Bought a runed robe for 129 gold pieces
 39343 | Snake:1  | Reached skill level 25 in Stealth
 40150 | Snake:1  | Found a transporter.
 40867 | Snake:1  | Reached skill level 26 in Stealth
 41179 | Snake:2  | Found Pax Gid's Jewellery Emporium.
 41538 | Snake:2  | Reached XP level 17. HP: 85/89 MP: 29/32
 42415 | Snake:2  | Found Vasij's Antique Armour Shop.
 42760 | Snake:3  | Noticed Aizul
 42772 | Snake:2  | Killed from afar by Aizul

Vanquished Creatures
  Rupert (D:12)
  6 nagarajas
  An orc warlord (Orc:2)
  The ghost of rigao the Wallflower, a journeyman PaFi of Uskayaw (Lair:6)
  Louise (D:15)
  A dire elephant (Lair:2)
  Josephine (Lair:5)
  The ghost of Ymada the Zephyrmancer, a journeyman TeAE of Cheibriados (Lair:2)
  2 vault guards (D:13)
  14 hydras
  6 naga warriors
  3 boulder beetles
  2 two-headed ogres
  A hell hog (Lair:2)
  6 centaur warriors
  12 death yaks
  3 catoblepae (Lair:6)
  4 tengu warriors
  2 anacondas
  An orc high priest (Orc:2)
  A vampire mage (D:15)
  9 naga sharpshooters
  A shock serpent (shapeshifter) (D:15)
  A soul eater (Lair:2)
  Sonja (Lair:5)
  2 shock serpents
  5 skeletal warriors
  5 salamander mystics
  2 naga ritualists (Snake:1)
  3 unseen horrors
  5 orc knights
  2 necromancers
  A phantasmal warrior (D:14)
  2 lindwurms
  3 mana vipers
  2 orc sorcerers (Orc:2)
  20 ugly things
  2 cyclopes
  6 manticores
  2 deep elf magi
  10 salamanders
  7 elephants
  10 black mambas
  A merfolk siren (Lair:3)
  2 ice statues (IceCv)
  3 guardian serpents
  A fire giant skeleton (D:15)
  Maurice (D:10)
  11 naga magi
  A centaur skeleton (D:13)
  15 cane toads
  A gargoyle (D:10)
  5 rime drakes
  A yaktaur zombie (D:15)
  A yaktaur (D:10)
  An efreet (D:9)
  A kobold demonologist (D:13)
  6 ice devils (IceCv)
  10 komodo dragons
  A guardian mummy (D:15)
  A tengu conjurer (D:15)
  6 trolls
  3 merfolk (Lair:3)
  A polar bear (Lair:1)
  Prince Ribbit (D:4)
  A harpy skeleton (D:15)
  3 hornets
  14 blink frogs
  2 meliai zombies (D:15)
  8 slime creatures
  A deep troll zombie (D:15)
  An ettin zombie (D:15)
  2 shadows
  6 wyverns
  A spriggan (Lair:2)
  A water elemental (D:15)
  A vampire (D:10)
  66 yaks
  8 wraiths
  10 basilisks
  9 humans (D:13)
  A chaos spawn (Lair:2)
  Edmund (D:5)
  29 nagas
  3 wargs
  An acid dragon (D:13)
  A soldier ant (D:13)
  14 water moccasins
  A swamp drake (D:10)
  4 black bears
  4 sky beasts
  3 hornet zombies
  37 orc warriors
  3 ice beasts
  3 eyes of draining
  11 wolves
  A phantom (D:12)
  22 centaurs
  11 ogres
  A large abomination (Lair:2)
  3 big kobolds
  24 bullfrogs
  5 gnoll sergeants (D:6)
  A wyvern skeleton (D:11)
  A scorpion (D:13)
  2 killer bees (D:13)
  22 wights
  4 howler monkeys
  6 electric eels
  A bullfrog zombie (D:10)
  A quasit (D:9)
  5 centaur zombies
  5 jellies
  Crazy Yiuf (D:2)
  A draconian simulacrum (IceCv)
  13 hounds
  26 orc priests
  32 orc wizards
  2 bullfrog skeletons
  Jessica (D:3)
  Terence (D:2)
  8 iguanas
  A spriggan simulacrum (IceCv)
  6 hell rats
  3 troll simulacra (IceCv)
  12 worker ants
  A centaur simulacrum (IceCv)
  A hound zombie (D:9)
  A hound skeleton (D:8)
  17 adders
  13 gnolls
  A naga simulacrum (IceCv)
  3 ogre simulacra (IceCv)
  2 shadow imps
  3 white imps
  An ufetubus (D:9)
  An ooze (Lair:6)
  3 adder zombies
  2 worms (D:2)
  A dart slug (D:1)
  2 leopard geckos
  94 orcs
  A ball python (D:2)
  6 giant cockroaches
  3 goblins (D:1)
  9 hobgoblins
  9 jackals
  16 kobolds
  8 quokkas
  A ball python zombie (D:5)
  3 bats
  6 frilled lizards
  A quokka skeleton (D:8)
  11 rats
937 creatures vanquished.

Vanquished Creatures (others)
  A death yak (Lair:5)
  A wizard (D:12)
  A deep elf mage (D:12)
  A human (D:13)
  2 yaks
  A centaur (D:15)
  A killer bee (D:13)
  A jelly (D:12)
  3 orcs
  A kobold (D:11)
  21 bushes (Lair:2)
  35 fungi
  108 plants
  9 toadstools (Lair:2)
  9 withered plants (D:15)
195 creatures vanquished.

Grand Total: 1132 creatures vanquished
